 Dungeon Crawl Stone Soup version 0.20.1-1-g8b1a95d66d (webtiles) character file.

329 Ivernyr the Bolt Thrower (level 6, 41/56 HPs)
             Began as a Deep Dwarf Hunter on Nov 18, 2017.
             Quit the game on level 3 of the Dungeon.
             The game lasted 00:08:56 (1753 turns).

Ivernyr the Bolt Thrower (Deep Dwarf Hunter)        Turns: 1753, Time: 00:08:57

Health: 41/56      AC:  6    Str: 18    XL:     6   Next: 25%
Magic:  5/5        EV: 10    Int: 11    God:
Gold:   106        SH:  0    Dex: 13    Spells: 5/5 levels left

rFire    . . .     SeeInvis .   b - -2 hand axe (curse)
rCold    . . .     Gourm    .   (no shield)
rNeg     . . .     Faith    .   m - +0 scale mail
rPois    .         Spirit   .   (no helmet)
rElec    .         Reflect  .   (no cloak)
rCorr    .         Harm     .   (no gloves)
MR       .....                  (no boots)
Stlth    ..........             (no amulet)
Regen    0.0/turn               (no ring)
MPRegen  0.1/turn               (no ring)

@: non-regenerating, drained
A: damage resistance, heal wounds, sense surroundings 1, no regeneration
a: Heal Wounds


You were on level 3 of the Dungeon.
You were not hungry.

You visited 1 branch of the dungeon, and saw 3 of its levels.

You collected 106 gold pieces.

Inventory:

Hand Weapons
 a - a +1 hand crossbow
 b - a cursed -2 hand axe (weapon)
Missiles
 d - 56 bolts
Armour
 m - a +0 scale mail (worn)
Scrolls
 e - a scroll of immolation {unknown}
 g - a scroll of amnesia {unknown}
 h - 2 scrolls of enchant armour {unknown}
 i - 2 scrolls of fog {unknown}
 l - 2 scrolls of identify {unknown}
 n - a scroll of magic mapping {unknown}
 p - a scroll of teleportation {unknown}
 r - a scroll of noise {unknown}
Potions
 c - a potion of resistance {unknown}
 j - 2 potions of curing {unknown}
 o - a potion of flight {unknown}
 q - 2 potions of magic {unknown}
 s - a potion of berserk rage {unknown}
Comestibles
 f - 3 bread rations
 k - a royal jelly
 t - a chunk of flesh


   Skills:
 - Level 3.0(2.9) Fighting
 + Level 6.7 Crossbows
 + Level 3.4 Armour
 - Level 2.1 Dodging
 - Level 1.2(1.1) Stealth


You had 5 spell levels left.
You didn't know any spells.

Dungeon Overview and Level Annotations

Branches:
Dungeon (3/15)

Altars:
Okawaru


Innate Abilities, Weirdness & Mutations

You are resistant to damage.
You can heal yourself by infusing magical energy.
You passively map a small area around you.
You do not regenerate.


Message History

The kobold hits you but does no damage.
You hit the kobold.
You kill the kobold!
You see here a stone.
d - 54 bolts (gained 1)
You see here an enchanted hand axe.
d - 55 bolts (gained 1)
d - 56 bolts (gained 1)
Things that are here:
4 stones; a whip of draining You see here an enchanted hand axe.
Drop what? 20/52 slots (_ for help) (? for menu, Esc to quit)
You are now empty-handed.
You drop a +0 short sword.
You see here an enchanted hand axe.
b - an enchanted hand axe Wield which item (- for none, * to show all)? (? for menu, Esc to quit)
It sticks to your hand!
b - a cursed -2 hand axe (weapon)
Okay, then.
Are you sure you want to abandon this character and quit the game? (Confirm with "yes".)

..............)..#........
.............##..#.##.#...
, ##.#...#.######.......#
.. , #.#...#†# #.##.##.#*
# * #.#...#[# #.##.## #
#.#...#)## #..... * *
###......# ####.## ,. * ,
#<.....########.#####.##
##.((.....(.)@(..)...... ,
#.#####.###.#..#..##.#. ,
#.# #.....#.>...>..# ≈,
+.* #.##..#.##..#.... , +.
#.##........# ... ,
#.......###.# *#. *
#.##.#### .., * #.##.#
*### * , ,..##.#


There were no monsters in sight!

Vanquished Creatures
  Sigmund (D:3)
  An orc wizard (D:3)
  Natasha (twice) (D:3)
  A gnoll (D:2)
  2 worms (D:2)
  3 leopard geckos (D:2)
  5 orcs
  4 bats
  9 giant cockroaches
  4 goblins
  6 hobgoblins
  9 kobolds
  A quokka (D:3)
  A ball python (D:2)
  A frilled lizard (D:1)
  10 rats
60 creatures vanquished.

Notes
Turn   | Place    | Note
-------+----------+-------------------------------------------
     0 | D:1      | Ivernyr the Deep Dwarf Hunter began the quest for the Orb.
     0 | D:1      | Reached XP level 1. HP: 19/19 MP: 1/1
   105 | D:1      | Reached XP level 2. HP: 26/26 MP: 2/2
   140 | D:1      | Reached skill level 1 in Armour
   572 | D:2      | Reached skill level 5 in Crossbows
   676 | D:2      | Reached XP level 3. HP: 28/32 MP: 3/3
  1268 | D:2      | Reached XP level 4. HP: 14/39 MP: 4/4
  1281 | D:2      | Found an iron altar of Okawaru.
  1457 | D:3      | Noticed Sigmund
  1464 | D:3      | Killed Sigmund
  1464 | D:3      | Reached skill level 6 in Crossbows
  1464 | D:3      | Reached XP level 5. HP: 17/49 MP: 5/5
  1558 | D:3      | Noticed Natasha
  1569 | D:3      | Killed Natasha
  1618 | D:3      | Reached XP level 6. HP: 24/56 MP: 6/6
  1633 | D:3      | Noticed Natasha
  1647 | D:3      | Killed Natasha
  1753 | D:3      | Quit the game

Skill      XL: |  1  2  3  4  5 |
---------------+----------------+-----
Armour         | 1 2 3 |  3.4
Fighting       | 2 3 |  3.0
Crossbows      | 5 6 |  6.7
Dodging        | |  2.1
Stealth        | |  1.2

Action                   |  1- 3 |  4- 6 || total
-------------------------+-------+-------++-------
Melee: Short sword       |   207 |    35 ||   242
 Fire: Hand crossbow     |     9 |    35 ||    44
 Abil: Heal Wounds       |     1 |     3 ||     4
 Stab: Sleeping          |     2 |       ||     2
       Distracted        |     1 |       ||     1
  Eat: Chunk             |     1 |     2 ||     3
Armor: Leather armour    |    10 |       ||    10
       Scale mail        |    73 |    22 ||    95
Dodge: Dodged            |   111 |    46 ||   157
